 Dungeon Crawl Stone Soup version 0.27.1-34-g3ba077fa99 (webtiles) character file.

Game seed: 13362736179428057094

218 Sharkman1231 the Firebug (level 5, -1/35 HPs)
             Began as a Mummy Fire Elementalist on Jan 23, 2022.
             Slain by Ijyb (2 damage)
             ... on level 4 of the Dungeon.
             The game lasted 00:03:39 (3536 turns).

Sharkman1231 the Firebug (Mummy Fire Elementalist)  Turns: 3536, Time: 00:03:39

Health: -1/35      AC: -1    Str: 17    XL:     5   Next: 63%
Magic:  3/9        EV: 11    Int: 14    God:
Gold:   77         SH:  4    Dex: 14    Spells: 4/9 levels left

rFire    . . .     SeeInvis .   f - +0 long sword
rCold    . . .     Faith    .   g - +0 buckler
rNeg     + + +     Spirit   .   a - +0 robe
rPois    ∞         Reflect  .   (no helmet)
rElec    .         Harm     .   (no cloak)
rCorr    .         Rampage  .   (no gloves)
Will     .....                  h - +0 pair of boots
Stlth    ++........             (no amulet)
HPRegen  0.11/turn              c - ring of fire
MPRegen  0.11/turn              d - +6 ring of strength

@: corroded, very slightly contaminated
A: cold resistance 1, negative energy resistance 3, torment resistance 2, heat
vulnerability 1, no potions
a: no special abilities


You were on level 4 of the Dungeon.
You visited 1 branch of the dungeon, and saw 4 of its levels.

You collected 97 gold pieces.
You spent 20 gold pieces at shops.

Inventory:

Hand Weapons
 f - a +0 long sword (weapon)
Armour
 a - a +0 robe (worn)
 g - a +0 buckler (worn)
 h - a +0 pair of boots (worn)
Jewellery
 c - a ring of fire (left hand)
 d - a +6 ring of strength (right hand)
Scrolls
 b - a scroll of noise {unknown}
 e - a scroll of immolation {unknown}
 i - a scroll of enchant weapon
 j - a scroll of fear {unknown}
 k - a scroll of blinking


   Skills:
 - Level 1.5 Dodging
 - Level 1.5 Stealth
 + Level 1.5 Shields
 - Level 2.6 Spellcasting
 + Level 3.0 Conjurations
 + Level 3.8 Fire Magic


You had 4 spell levels left.
You knew the following spells:

 Your Spells              Type           Power      Damage    Failure   Level
a - Foxfire               Conj/Fire      68%        2x1d7     8%          1
b - Sticky Flame          Conj/Fire      17%        2d4       58%         4

Your spell library contained the following spells:

 Spells                   Type           Power      Damage    Failure   Level
 Shock                    Conj/Air       24%        1d4       16%         1
 Conjure Flame            Conj/Fire      17%        6-21      22%         3
 Inner Flame              Hex/Fire       10%        N/A       38%         3
 Swiftness                Air            1%         N/A       65%         3
 Airstrike                Air            0%         N/A       96%         4
 Fireball                 Conj/Fire      8%         3d6       90%         5


Dungeon Overview and Level Annotations

Branches:
Dungeon (4/15)
 Temple: D:4-7

Altars:

Shops:
D:3 ?

Annotations:
D:4 Dowan, Duvessa, Ijyb


Innate Abilities, Weirdness & Mutations

You are immune to poison.
Your flesh is cold resistant. (rC+)
You are immune to negative energy. (rN+++)
You are immune to unholy pain and torment.
You are vulnerable to heat. (rF-)
You do not drink.


Message History

Casting: Foxfire (safe; 8% risk of failure)
Confirm with . or Enter, or press ? or * to list all spells.
You feel a surge of power!
You conjure some foxfire!
Ijyb shouts!
The hound barely misses you.
You riposte.
You miss the hound.
The hound is moderately wounded.
Casting: Foxfire (safe; 8% risk of failure)
Confirm with . or Enter, or press ? or * to list all spells.
You feel a surge of power!
You miscast Foxfire.
You are very lightly contaminated with residual magic.
Nothing appears to happen.
The foxfire hits the hound.
The hound is heavily wounded.
The foxfire hits the hound.
The hound is heavily wounded.
The hound bites you. You block the hound's attack.
You slash the hound!
You kill the hound!
Your Conjurations skill increases to level 3!
Casting: Foxfire (safe; 8% risk of failure)
Confirm with . or Enter, or press ? or * to list all spells.
You feel a surge of power!
You conjure some foxfire!
Unknown command.
Casting: Foxfire (safe; 8% risk of failure)
Confirm with . or Enter, or press ? or * to list all spells.
You feel a surge of power!
You conjure some foxfire!
The foxfire hits Ijyb but does no damage.
The foxfire hits Ijyb.
Ijyb is lightly wounded.
Ijyb barely misses you.
You closely miss Ijyb.
Ijyb is lightly wounded.
The foxfire hits Ijyb but does no damage.
Ijyb is lightly wounded.
The foxfire hits Ijyb.
Ijyb is moderately wounded.
Ijyb zaps a wand.
The bolt of acid hits you! The acid corrodes you!
You are splashed with acid!
* * * LOW HITPOINT WARNING * * *
Ijyb hits you with a +0 club.
You die...

. + .. .... ...### ...
... ...... .... ##..#
..### #..# #...# +
...##...# . ......# #.#
# ..## #§†..#.... . ##
...†.##§@g...# ..####.
..........#### ......
#....[....###### #....
#.....##.......# ###.#
#..... #..###.... ##..
.#...###..# #....
..##... ##.......#
#...#....... #......####
#..######..
##......##.###..........


You could see Ijyb.

Vanquished Creatures
  An ogre (D:4)
  A hound (D:4)
  3 adders
  An adder skeleton (D:4)
  2 worms
  A dart slug (D:3)
  4 orcs (D:3)
  9 ball pythons
  3 bats
  An endoplasm (D:3)
  2 giant cockroaches
  5 goblins
  5 hobgoblins
  4 jackals (D:1)
  3 quokkas
  8 frilled lizards
  7 kobolds
  7 rats
67 creatures vanquished.

Vanquished Creatures (others)
  162 foxfires
162 creatures vanquished.

Grand Total: 229 creatures vanquished

Notes
Turn   | Place    | Note
-------+----------+-------------------------------------------
     0 | D:1      | Sharkman1231 the Mummy Fire Elementalist began the quest
                  | for the Orb.
     0 | D:1      | Reached XP level 1. HP: 13/13 MP: 4/4
   121 | D:1      | Reached skill level 1 in Conjurations
   304 | D:1      | Reached XP level 2. HP: 19/19 MP: 3/5
   751 | D:1      | Found a faded altar of an unknown god.
  1526 | D:2      | Reached XP level 3. HP: 23/24 MP: 4/7
  2595 | D:3      | Reached XP level 4. HP: 26/30 MP: 4/8
  2677 | D:3      | Found Bavarexe's Magic Scroll Shop.
  2712 | D:3      | Bought a scroll of identify for 20 gold pieces
  3226 | D:3      | Learned a level 4 spell: Sticky Flame
  3274 | D:4      | Noticed Duvessa
  3274 | D:4      | Noticed Dowan
  3348 | D:4      | Noticed an ogre
  3357 | D:4      | Killed an ogre
  3358 | D:4      | Reached skill level 1 in Shields
  3358 | D:4      | Reached XP level 5. HP: 24/35 MP: 2/9
  3530 | D:4      | Noticed Ijyb
  3536 | D:4      | HP: 1/35 [acid (12)]
  3536 | D:4      | Slain by Ijyb

Illustrated notes

Levels and vault maps discovered:
D:1:      eino_arrival_cavern_b, layout_loops_cross,
          ebering_ecumenical_altar_hall
D:2:      cheibrodos_helix_gallery, layout_basic
D:3:      layout_rooms, serial_shops, shop, st_stairs_10
D:4:      cheibrodos_barr_body, layout_cave_pools, uniq_ijyb, uniq_duvessa,
          uniq_menkaure

Skill      XL: |  1  2  3  4  5 |
---------------+----------------+-----
Conjurations   | 1 2 3 |  3.0
Fire Magic     | 3 |  3.8
Shields        | 1 |  1.5
Dodging        | |  1.5
Stealth        | |  1.5
Spellcasting   | |  2.6

Action                   |  1- 3 |  4- 6 || total
-------------------------+-------+-------++-------
Melee: Unarmed           |    39 |       ||    39
       Long sword        |    10 |    16 ||    26
 Cast: Foxfire           |    62 |    35 ||    97
  Use: Scroll            |       |     2 ||     2
 Stab: Sleeping          |     2 |       ||     2
Armor: Robe              |     7 |     6 ||    13
Dodge: Dodged            |    62 |    12 ||    74
Block: Buckler           |       |     5 ||     5
       Rpst.: Long sword |     5 |     2 ||     7
